TOP OF THE 1ST |
New York Knights batting - Pitching for Kansas City Kings : RHP Javier García
|
Pitching: RHP Javier García
|
|
Batting: RHB Gabriel Erwin
|
0-0: Called Strike 0-1: Foul Ball, location: 2F 0-2: Strikes out swinging
|
Batting: RHB Richard Coker
|
0-0: Ball 1-0: Ball 2-0: Swinging Strike 2-1: Swinging Strike 2-2: Foul Ball, location: 2F 2-2: Foul Ball, location: 2F 2-2: Strikes out swinging
|
Batting: LHB Warren Potter
|
0-0: Foul Ball, location: 2F 0-1: SINGLE (Line Drive, 8RS)
|
Batting: SHB Marvin Harris
|
0-0: Called Strike Warren Potter steals 2nd base 0-1: Foul Ball, location: 2F 0-2: SINGLE (Line Drive, 6D) Warren Potter to third
|
Batting: RHB Lonnie Anderson
|
0-0: Swinging Strike 0-1: Ball 1-1: Ball 2-1: Swinging Strike 2-2: Strikes out looking
|
Top of the 1st over - 0 run(s), 2 hit(s), 0 error(s), 2 left on base; New York 0 - Kansas City 0 |
BOTTOM OF THE 1ST |
Kansas City Kings batting - Pitching for New York Knights : RHP Elton Johnston
|
Pitching: RHP Elton Johnston
|
|
Batting: RHB Chris Chandler
|
0-0: Ball 1-0: Ball 2-0: Fly out, F5 (Popup, 5L)
|
Batting: LHB Luis González
|
0-0: Ball 1-0: Foul Ball, location: 2F 1-1: Foul Ball, location: 2F 1-2: Ground out 3-1 (Groundball, 34)
|
Batting: LHB Brian Boone
|
0-0: Ball 1-0: Called Strike 1-1: Called Strike 1-2: Strikes out swinging, 2-3 out at first.
|
Bottom of the 1st over - 0 run(s), 0 hit(s), 0 error(s), 0 left on base; New York 0 - Kansas City 0 |
TOP OF THE 2ND |
New York Knights batting - Pitching for Kansas City Kings : RHP Javier García
|
Batting: LHB Tom Blake
|
0-0: Called Strike 0-1: DOUBLE (Flyball, 78D)
|
Batting: RHB Pepe Carrasco
|
0-0: Ball 1-0: Called Strike 1-1: Fly out, F4 (Popup, 4D)
|
Batting: LHB Nicholas Alston
|
0-0: Ball 1-0: Ground out 5-3 (Groundball, 5L)
|
Batting: LHB Dan Hamilton
|
0-0: Called Strike 0-1: Swinging Strike 0-2: Ball Wild Pitch! Tom Blake to third 1-2: Ball 2-2: Foul Ball, location: 2F 2-2: Ball 3-2: SINGLE (Groundball, 34) (infield hit) Tom Blake scores
|
Batting: RHB Gabriel Erwin
|
0-0: Ball Dan Hamilton steals 2nd base 1-0: Foul Ball, location: 2F 1-1: Foul Ball, location: 2F 1-2: Ball 2-2: Foul Ball, location: 2F 2-2: Strikes out swinging
|
Top of the 2nd over - 1 run(s), 2 hit(s), 0 error(s), 1 left on base; New York 1 - Kansas City 0 |
BOTTOM OF THE 2ND |
Kansas City Kings batting - Pitching for New York Knights : RHP Elton Johnston
|
Batting: RHB Toshimichi Kono
|
0-0: Ball 1-0: Called Strike 1-1: Ball 2-1: Foul Ball, location: 2F 2-2: Fly out, F9 (Line Drive, 89S)
|
Batting: SHB Douglas Taylor
|
0-0: Swinging Strike 0-1: Foul Ball, location: 2F 0-2: SINGLE (Groundball, 34D)
|
Batting: RHB Dave Parker
|
0-0: Ball 1-0: Called Strike 1-1: Grounds into double play, 4-6-3 (Groundball, 4M)
|
Bottom of the 2nd over - 0 run(s), 1 hit(s), 0 error(s), 0 left on base; New York 1 - Kansas City 0 |
TOP OF THE 3RD |
New York Knights batting - Pitching for Kansas City Kings : RHP Javier García
|
Batting: RHB Richard Coker
|
0-0: Called Strike 0-1: Ball 1-1: Foul Ball, location: 2F 1-2: DOUBLE (Line Drive, 89XD)
|
Batting: LHB Warren Potter
|
0-0: Swinging Strike 0-1: Called Strike 0-2: Ball 1-2: Ball 2-2: Ball 3-2: Fly out, F4 (Line Drive, 4)
|
Batting: SHB Marvin Harris
|
0-0: Ball 1-0: Foul Ball, location: 2F 1-1: Ball 2-1: Ball 3-1: Foul Ball, location: 2F 3-2: Base on Balls
|
Batting: RHB Lonnie Anderson
|
0-0: SINGLE (Groundball, 6MD) Richard Coker to third Marvin Harris to second Runner from 3rd tries for Home, SAFE, throw made home Marvin Harris to third Lonnie Anderson to second
|
Batting: LHB Tom Blake
|
0-0: Fly out, F7 (Flyball, 7LS)
|
Batting: RHB Pepe Carrasco
|
0-0: Called Strike 0-1: Ball 1-1: Swinging Strike 1-2: Ball 2-2: Fly out, F5 (Popup, 5D)
|
Top of the 3rd over - 1 run(s), 2 hit(s), 0 error(s), 2 left on base; New York 2 - Kansas City 0 |
BOTTOM OF THE 3RD |
Kansas City Kings batting - Pitching for New York Knights : RHP Elton Johnston
|
Batting: LHB Bruno Lalonde
|
0-0: Ball 1-0: Bunt for hit - play at first, batter OUT! 2-3
|
Batting: RHB Ronald Parsons
|
0-0: Ball 1-0: Foul Ball, location: 2F 1-1: Ground out 6-3 (Groundball, 6)
|
Batting: LHB Ray Spencer
|
0-0: Ball 1-0: Called Strike 1-1: Ball 2-1: Ground out 4-3 (Groundball, 34)
|
Bottom of the 3rd over - 0 run(s), 0 hit(s), 0 error(s), 0 left on base; New York 2 - Kansas City 0 |
TOP OF THE 4TH |
New York Knights batting - Pitching for Kansas City Kings : RHP Javier García
|
Batting: LHB Nicholas Alston
|
0-0: Called Strike 0-1: Ball 1-1: Foul Ball, location: 2F 1-2: Ball 2-2: Strikes out swinging
|
Batting: LHB Dan Hamilton
|
0-0: Ball 1-0: Ball 2-0: Foul Ball, location: 2F 2-1: Ball 3-1: Ground out 1-3 (Groundball, 13S)
|
Batting: RHB Gabriel Erwin
|
0-0: Ball 1-0: Ball 2-0: Foul Ball, location: 2F 2-1: Called Strike 2-2: Ground out 5-3 (Groundball, 56)
|
Top of the 4th over - 0 run(s), 0 hit(s), 0 error(s), 0 left on base; New York 2 - Kansas City 0 |
BOTTOM OF THE 4TH |
Kansas City Kings batting - Pitching for New York Knights : RHP Elton Johnston
|
Batting: RHB Chris Chandler
|
0-0: Ball 1-0: Ball 2-0: Fly out, F5 (Line Drive, 56)
|
Batting: LHB Luis González
|
0-0: Ball 1-0: Ball 2-0: Swinging Strike 2-1: Ball 3-1: Base on Balls
|
Batting: LHB Brian Boone
|
0-0: Ball 1-0: SINGLE (Line Drive, 56D) Luis González to second
|
Batting: RHB Toshimichi Kono
|
0-0: Called Strike Luis González steals 3rd base Brian Boone to second 0-1: Ball 1-1: 3-RUN HOME RUN (Flyball, 7D), Distance : 371 ft
|
Batting: SHB Douglas Taylor
|
0-0: Ball 1-0: Ball 2-0: Foul Ball, location: 2F 2-1: Ball 3-1: Foul Ball, location: 2F 3-2: Ground out 1-3 (Groundball, 13)
|
Batting: RHB Dave Parker
|
0-0: Ball 1-0: Called Strike 1-1: Called Strike 1-2: Ball 2-2: Strikes out looking
|
Bottom of the 4th over - 3 run(s), 2 hit(s), 0 error(s), 0 left on base; New York 2 - Kansas City 3 |
TOP OF THE 5TH |
New York Knights batting - Pitching for Kansas City Kings : RHP Javier García
|
Batting: RHB Richard Coker
|
0-0: Foul Ball, location: 2F 0-1: Ball 1-1: Swinging Strike 1-2: Fly out, F8 (Flyball, 8RM)
|
Batting: LHB Warren Potter
|
0-0: Foul Ball, location: 2F 0-1: Ball 1-1: Ground out 4-3 (Groundball, 34)
|
Batting: SHB Marvin Harris
|
0-0: Foul Ball, location: 2F 0-1: Ball 1-1: Ground out 1-3 (Groundball, 15S)
|
Top of the 5th over - 0 run(s), 0 hit(s), 0 error(s), 0 left on base; New York 2 - Kansas City 3 |
BOTTOM OF THE 5TH |
Kansas City Kings batting - Pitching for New York Knights : RHP Elton Johnston
|
Batting: LHB Bruno Lalonde
|
0-0: DOUBLE (Groundball, 3L)
|
Batting: RHB Ronald Parsons
|
0-0: Called Strike 0-1: Ball 1-1: Ground out U3 (Groundball, 34) Bruno Lalonde to third
|
Batting: LHB Ray Spencer
|
0-0: Ball 1-0: Ball 2-0: Foul Ball, location: 2F 2-1: Foul Ball, location: 2F 2-2: Foul Ball, location: 2F 2-2: Ground out 3-1 (Groundball, 34) Bruno Lalonde scores
|
Batting: RHB Chris Chandler
|
0-0: Called Strike 0-1: Ball 1-1: Foul Ball, location: 2F 1-2: Ball 2-2: Ball 3-2: Ground out 5-3 (Groundball, 56S)
|
Bottom of the 5th over - 1 run(s), 1 hit(s), 0 error(s), 0 left on base; New York 2 - Kansas City 4 |
TOP OF THE 6TH |
New York Knights batting - Pitching for Kansas City Kings : RHP Javier García
|
Batting: RHB Lonnie Anderson
|
0-0: Swinging Strike 0-1: Ball 1-1: Fly out, F2 (Popup, 3S)
|
Batting: LHB Tom Blake
|
0-0: Fly out, F3 (Popup, 3L)
|
Batting: RHB Pepe Carrasco
|
0-0: Ball 1-0: Ball 2-0: Ball 3-0: Called Strike 3-1: Base on Balls
|
Batting: LHB Nicholas Alston
|
0-0: Ball 1-0: Fielders Choice at 2nd, 4-6 (Groundball, 34)
|
Top of the 6th over - 0 run(s), 0 hit(s), 0 error(s), 0 left on base; New York 2 - Kansas City 4 |
BOTTOM OF THE 6TH |
Kansas City Kings batting - Pitching for New York Knights : RHP Elton Johnston
|
Batting: LHB Luis González
|
0-0: Ground out 4-3 (Groundball, 4)
|
Batting: LHB Brian Boone
|
0-0: Called Strike 0-1: Ball 1-1: Fly out, F7 (Flyball, 7)
|
Batting: RHB Toshimichi Kono
|
0-0: Called Strike 0-1: Ball 1-1: Swinging Strike 1-2: Ground out 6-3 (Groundball, 56)
|
Bottom of the 6th over - 0 run(s), 0 hit(s), 0 error(s), 0 left on base; New York 2 - Kansas City 4 |
TOP OF THE 7TH |
New York Knights batting - Pitching for Kansas City Kings : RHP Javier García
|
Batting: LHB Dan Hamilton
|
0-0: Fly out, F9 (Line Drive, 89D)
|
Batting: RHB Gabriel Erwin
|
0-0: Ground out 5-3 (Groundball, 5S)
|
Batting: RHB Richard Coker
|
0-0: Called Strike 0-1: Ball 1-1: Swinging Strike 1-2: Ball 2-2: DOUBLE (Flyball, 9LM)
|
Batting: LHB Warren Potter
|
0-0: Called Strike 0-1: Ball 1-1: Fly out, F8 (Flyball, 8RM)
|
Top of the 7th over - 0 run(s), 1 hit(s), 0 error(s), 1 left on base; New York 2 - Kansas City 4 |
BOTTOM OF THE 7TH |
Kansas City Kings batting - Pitching for New York Knights : RHP Elton Johnston
|
Batting: SHB Douglas Taylor
|
0-0: Ball 1-0: Foul Ball, location: 2F 1-1: Foul Ball, location: 2F 1-2: Ground out 4-3 (Groundball, 4)
|
Batting: RHB Dave Parker
|
0-0: Foul Ball, location: 2F 0-1: Ball 1-1: Fly out, F3 (Popup, 3)
|
Batting: LHB Bruno Lalonde
|
0-0: Ground out 4-3 (Groundball, 4)
|
Bottom of the 7th over - 0 run(s), 0 hit(s), 0 error(s), 0 left on base; New York 2 - Kansas City 4 |
TOP OF THE 8TH |
New York Knights batting - Pitching for Kansas City Kings : RHP Javier García
|
Pitching: LHP Ignacio Colón
|
|
Batting: SHB Marvin Harris
|
0-0: Ball 1-0: Ball 2-0: Foul Ball, location: 2F 2-1: Ball 3-1: SOLO HOME RUN (Flyball, 8LXD), Distance : 410 ft
|
Pitching: RHP Mike Hodges
|
|
Batting: RHB Lonnie Anderson
|
0-0: Called Strike 0-1: Ball 1-1: Ball 2-1: Ball 3-1: SINGLE (Line Drive, 6D)
|
Pitching: RHP Adrián Serrano
|
|
Batting: LHB Tom Blake
|
0-0: Ball 1-0: Ball 2-0: Sac Bunt - play at first, batter safe! Lonnie Anderson to second
|
Pitching: RHP Nariaki Tanaka
|
|
Batting: RHB Pepe Carrasco
|
0-0: Foul Ball, location: 2F 0-1: Swinging Strike 0-2: Ball 1-2: Foul Ball, location: 2F 1-2: Foul Ball, location: 2F 1-2: Fly out, F9 (Flyball, 9S)
|
Pitching: LHP Tim Miller
|
|
Pinch Hitting: RHB Jacob Pope
|
0-0: Ball 1-0: Called Strike 1-1: Foul Ball, location: 2F 1-2: SINGLE (Groundball, 6D) Lonnie Anderson to third Tom Blake to second Runner from 3rd tries for Home, SAFE, no throw
|
Batting: LHB Dan Hamilton
|
0-0: Ball 1-0: Ground out 3-1 (Groundball, 3D) Tom Blake to third Jacob Pope to second
|
Batting: RHB Gabriel Erwin
|
0-0: Called Strike 0-1: Fly out, F9 (Flyball, 9S)
|
Top of the 8th over - 2 run(s), 4 hit(s), 0 error(s), 2 left on base; New York 4 - Kansas City 4 |
BOTTOM OF THE 8TH |
Kansas City Kings batting - Pitching for New York Knights : RHP Elton Johnston
|
Pitching: LHP Steven England
|
|
Now in LF: Jacob Pope
|
|
Batting: RHB Ronald Parsons
|
0-0: Foul Ball, location: 2F 0-1: Fly out, F9 (Flyball, 9LS)
|
Batting: LHB Ray Spencer
|
0-0: Swinging Strike 0-1: Foul Ball, location: 2F 0-2: Ball 1-2: Ground out 3-1 (Groundball, 34)
|
Batting: RHB Chris Chandler
|
0-0: TRIPLE (Flyball, 8RXD)
|
Batting: LHB Luis González
|
0-0: Ball 1-0: Called Strike 1-1: Swinging Strike 1-2: Foul Ball, location: 2F 1-2: Ball 2-2: Fly out, F7 (Flyball, 7)
|
Bottom of the 8th over - 0 run(s), 1 hit(s), 0 error(s), 1 left on base; New York 4 - Kansas City 4 |
TOP OF THE 9TH |
New York Knights batting - Pitching for Kansas City Kings : LHP Tim Miller
|
Pitching: RHP Alberto Bonilla
|
|
Batting: RHB Richard Coker
|
0-0: Ball 1-0: Swinging Strike 1-1: Ball 2-1: Fly out, F7 (Line Drive, 7LD)
|
Batting: LHB Warren Potter
|
0-0: Foul Ball, location: 2F 0-1: Ball 1-1: Called Strike 1-2: Strikes out swinging
|
Batting: SHB Marvin Harris
|
0-0: Ball 1-0: Called Strike 1-1: Foul Ball, location: 2F 1-2: Foul Ball, location: 2F 1-2: Foul Ball, location: 2F 1-2: Ball 2-2: Ball 3-2: Foul Ball, location: 2F 3-2: Base on Balls
|
Batting: RHB Lonnie Anderson
|
0-0: Swinging Strike 0-1: Ball 1-1: Called Strike 1-2: Ball 2-2: Strikes out swinging
|
Top of the 9th over - 0 run(s), 0 hit(s), 0 error(s), 1 left on base; New York 4 - Kansas City 4 |
BOTTOM OF THE 9TH |
Kansas City Kings batting - Pitching for New York Knights : LHP Steven England
|
Pitching: LHP Juan Ortíz
|
|
Batting: LHB Brian Boone
|
0-0: Fly out, F9 (Flyball, 9S)
|
Batting: RHB Toshimichi Kono
|
0-0: Ground out 4-3 (Groundball, 4M)
|
Batting: SHB Douglas Taylor
|
0-0: Hit by Pitch
|
Batting: RHB Dave Parker
|
0-0: Ball 1-0: Ball 2-0: 2-RUN HOME RUN (Flyball, 7D), Distance : 364 ft
|
Thursday, March 30th, 2017 - OOTP Baseball 17.12 Build 75
|
|